 Dungeon Crawl Stone Soup version 0.19.1 (webtiles) character file.

112 Dolanko the Skirmisher (level 4, -16/24 HPs)
             Began as a Gargoyle Fighter on Dec 25, 2016.
             Killed from afar by a wretched star (26 damage)
             ... with an orb of energy
             ... on level 1 of the Abyss.
             The game lasted 00:03:00 (1657 turns).

Dolanko the Skirmisher (Gargoyle Fighter)           Turns: 1657, Time: 00:03:01

Health: -16/24     AC: 15    Str: 15    XL:     4   Next: 95%
Magic:  4/4        EV:  2    Int:  9    God:
Gold:   54         SH:  8    Dex: 10    Spells: 0 memorised, 3 levels left

rFire  . . .     SeeInvis .     g - +0 whip (elec)
rCold  . . .     Gourm    .     q - +0 plate armour
rNeg   + . .     Faith    .     c - +0 shield
rPois  ∞         Spirit   .     (no helmet)
rElec  +         Reflect  .     (no cloak)
rCorr  .         Harm     .     (no gloves)
MR     .....                    (no boots)
Stlth  ..........               (no amulet)
                                (no ring)
                                (no ring)

@: no status effects
A: frail 2, negative energy resistance 1, electricity resistance, weak 2,
unbreathing, petrification resistance, rot immunity, AC +3
a: no special abilities


You were on level 1 of the Abyss.
You were hungry.

You visited 1 branch of the dungeon, and saw 2 of its levels.
You visited the Abyss 1 time.

You collected 54 gold pieces.

Inventory:

Hand Weapons
 g - a +0 whip of electrocution (weapon)
Armour
 c - a +0 shield (worn)
 q - a +0 plate armour (worn)
Scrolls
 e - a scroll of immolation {unknown}
 h - 3 scrolls of identify {unknown}
 m - 2 scrolls of enchant weapon {unknown}
 n - 2 scrolls of amnesia {unknown}
 o - a scroll of remove curse {unknown}
Potions
 b - a potion of agility {unknown}
 d - 3 potions of might
 j - a potion of brilliance {unknown}
 k - a potion of curing {unknown}
 l - 2 potions of cure mutation {unknown}
 p - a potion of flight {unknown}
Comestibles
 a - 2 fruits
 f - 2 bread rations
 i - a beef jerky


   Skills:
 + Level 4.9 Fighting
   Level 2.1 Long Blades
 + Level 2.4 Maces & Flails
 - Level 3.2 Armour
 - Level 3.2 Shields


You had 3 spell levels left.
You didn't know any spells.

Dungeon Overview and Level Annotations

Branches:
Dungeon (2/15)

Altars:
Uskayaw


Innate Abilities, Weirdness & Mutations

You are resistant to torment.
Your stone body is resilient. (AC +3)
You are immune to poison.
You resist negative energy. (rN+)
You are resistant to electric shocks. (rElec)
You can survive without breathing.
You are immune to petrification.
You are immune to rotting.
[You are very frail. (-20% HP)]
[You are very weak. (Str -4)]


Message History

You are suddenly pulled into a different region of the Abyss!
Found a corrupted altar of Lugonu.
You are feeling hungry.
p - a puce potion A wretched star comes into view.
The wretched star glows turbulently.
The orb of energy hits you!
Ouch! That really hurt!
The orb of energy explodes!
You closely miss the wretched star.
The wretched star pulses with an eldritch light!
You feel weaker. x2; You feel frail. x2
You closely miss the wretched star. You closely miss the wretched star.
You hit the wretched star.
The wretched star is lightly damaged.
The wretched star glows turbulently.
The orb of energy hits you!
Ouch! That really hurt!
You die...

## ##. # # #.#. .
##.# ......####
.... #
..#.#....#.#..#
.# #
...#.....##@*#
#...#
....##....###
.#.#.. #........#
.....#..#.....# .
##.#...#.#.#..##
.......# .
#..####.# #
#....#....#.....#
.# #.
...##...#.##..#
...########.##..#


You could see a wretched star.

Vanquished Creatures
  Jessica (D:2)
  A gnoll (D:2)
  4 adders (D:2)
  2 leopard geckos (D:1)
  8 bats
  3 giant cockroaches (D:2)
  5 hobgoblins
  2 jackals (D:1)
  3 kobolds (D:1)
  A quokka (D:2)
  2 frilled lizards (D:1)
  4 goblins
  2 rats
38 creatures vanquished.

Notes
Turn   | Place    | Note
-------+----------+-------------------------------------------
     0 | D:1      | Dolanko the Gargoyle Fighter began the quest for the Orb.
     0 | D:1      | Reached XP level 1. HP: 14/14 MP: 1/1
    53 | D:1      | Reached XP level 2. HP: 19/19 MP: 2/2
   201 | D:1      | Reached skill level 4 in Fighting
   716 | D:1      | Reached XP level 3. HP: 22/24 MP: 3/3
   868 | D:2      | Reached skill level 1 in Maces & Flails
  1118 | D:2      | Noticed Jessica
  1123 | D:2      | Killed Jessica
  1123 | D:2      | Reached XP level 4. HP: 29/30 MP: 4/4
  1324 | D:2      | Found a hide-covered altar of Uskayaw.
  1576 | D:2      | Cast into level 1 of the Abyss (gnoll)
  1578 | Abyss:1  | Found a corrupted altar of Lugonu.
  1613 | Abyss:1  | Found a corrupted altar of Lugonu.
  1652 | Abyss:1  | Noticed a wretched star
  1657 | Abyss:1  | Killed from afar by a wretched star

Skill      XL: |  1  2  3 |
---------------+----------+-----
Long Blades    | 2 |  2.1
Fighting       | 4 |  4.9
Maces & Flails | 2 |  2.4
Armour         | |  3.2
Shields        | |  3.2

Action                   |  1- 3 |  4- 6 || total
-------------------------+-------+-------++-------
Melee: Long sword        |     9 |       ||     9
       Whip              |   105 |    50 ||   155
  Eat: Chunk             |     1 |     1 ||     2
Armor: Scale mail        |    76 |     6 ||    82
       Plate armour      |       |    17 ||    17
Dodge: Dodged            |    49 |     9 ||    58
Block: Shield            |    78 |    17 ||    95
       Rpst.: Long sword |     1 |       ||     1
